 Dungeon Crawl Stone Soup version 0.27-a0-74-gebd156f8b4 (webtiles) character file.

Game seed: 2589806980710797868

92 Morbidden the Shield-Bearer (level 4, -4/24 HPs)
             Began as a Vine Stalker Fighter on Jan 11, 2021.
             Slain by a gnoll
             ... wielding a +0 halberd
              (5 damage)
             ... on level 2 of the Dungeon.
             The game lasted 00:01:49 (1466 turns).

Morbidden the Shield-Bearer (Vine Stalker Fighter)  Turns: 1466, Time: 00:01:50

Health: -4/24      AC: 11    Str: 18    XL:     4   Next: 60%
Magic:  0/6        EV:  3    Int: 21    God:
Gold:   105        SH:  9    Dex: 14    Spells: 5/5 levels left

rFire    . . .     SeeInvis .   a - +0 long sword
rCold    . . .     Faith    .   c - +0 kite shield
rNeg     . . .     Spirit   +   m - +0 plate armour
rPois    .         Reflect  .   (no helmet)
rElec    .         Harm     .   (no cloak)
rCorr    .         Rampage  .   (no gloves)
Will     .....                  (no boots)
Stlth    ..........             (no amulet)
HPRegen  0.48/turn              e - +6 ring of intelligence
MPRegen  0.10/turn              b - +6 ring of intelligence

@: no status effects
A: fangs 2, regeneration 1, magic shield, antimagic bite, no potion heal 3
a: no special abilities


You were on level 2 of the Dungeon.
You visited 1 branch of the dungeon, and saw 2 of its levels.

You collected 105 gold pieces.

Inventory:

Hand Weapons
 a - a +0 long sword (weapon)
Missiles
 r - 15 sling bullets
Armour
 c - a +0 kite shield (worn)
 m - a +0 plate armour (worn)
Jewellery
 b - a +6 ring of intelligence (right hand)
 e - a +6 ring of intelligence (left hand)
 q - a cursed -4 ring of evasion {unknown}
Scrolls
 f - a scroll of identify {unknown}
 g - 2 scrolls of enchant weapon {unknown}
 j - a scroll of immolation {unknown}
 k - 2 scrolls of teleportation {unknown}
 n - a scroll of random uselessness {unknown}
 p - a scroll of magic mapping {unknown}
Potions
 d - a potion of might
 h - a potion of invisibility {unknown}
 i - a potion of flight {unknown}
 l - a potion of heal wounds {unknown}
 o - a potion of lignification {unknown}


   Skills:
 * Level 3.0 Fighting
 + Level 2.6 Long Blades
 + Level 2.7 Armour
 + Level 0.3 Dodging
 + Level 3.4 Shields
 * Level 1.0 Spellcasting


You had 5 spell levels left.
You didn't know any spells.
Your spell library was empty.

Dungeon Overview and Level Annotations

Branches:
Dungeon (2/15)

Altars:


Innate Abilities, Weirdness & Mutations

You have extremely sharp teeth.
Your natural rate of healing is unusually fast.
When hurt, damage is shared between your health and your magic reserves.
Your bite disrupts and absorbs the magic of your enemies.
Potions cannot restore your health.


Message History

The gnoll hits you from afar with a +0 halberd.
Unknown command.
You barely miss the gnoll. You bite the gnoll. You drain its power.
The gnoll is almost dead.
The gnoll hits you but does no damage. You block the gnoll's attack.
The gnoll hits you from afar with a +0 halberd!
The gnoll hits you but does no damage. x2
You hit the gnoll.
You kill the gnoll!
You block the gnoll's attack. x2
Your Spellcasting skill increases to level 1!
Unknown command.
The gnoll hits you from afar with a +0 halberd!
The gnoll hits you from afar with a +0 halberd!
* * * LOW HITPOINT WARNING * * *
There is a stone staircase leading up here.
The gnoll hits you from afar with a +0 spear.
* * * LOW HITPOINT WARNING * * *
The gnoll hits you from afar with a +0 halberd.
You die...

##.###.###....#.##.#
#....†............
#..###.#.#....#.## #
###.........#
#.....÷..)#
##[.......#
##.....gg# ##<.....#
##....@# #.....#
#.....# #.....#
#[....# #######


You could see 2 gnolls.

Vanquished Creatures
  A gnoll shaman (D:1)
  3 gnolls
  2 dart slugs (D:1)
  A goblin (D:1)
  6 hobgoblins (D:1)
  6 jackals
  3 kobolds
  A quokka (D:2)
  2 ball pythons (D:1)
  A bat (D:1)
  A frilled lizard (D:1)
  9 rats (D:1)
36 creatures vanquished.

Notes
Turn   | Place    | Note
-------+----------+-------------------------------------------
     0 | D:1      | Morbidden the Vine Stalker Fighter began the quest for the
                  | Orb.
     0 | D:1      | Reached XP level 1. HP: 11/11 MP: 2/2
    66 | D:1      | Reached XP level 2. HP: 4/16 MP: 3/3
   554 | D:1      | Reached XP level 3. HP: 18/19 MP: 4/4
  1308 | D:1      | Gained mutation: Your natural rate of healing is unusually
                  | fast. [Vine Stalker growth]
  1308 | D:1      | Reached XP level 4. HP: 23/24 MP: 4/6
  1463 | D:2      | Reached skill level 1 in Spellcasting
  1466 | D:2      | HP: 1/24 [gnoll/+0 spear (3)]
  1466 | D:2      | Slain by a gnoll

Illustrated notes

Levels and vault maps discovered:
D:1:      elethiomel_arrival_quiet, layout_basic
D:2:      layout_loops_ring, gammafunk_temple_overflow_forgotten,
          kennysheep_big_empty_room, st_stairs_5, uniq_natasha

Skill      XL: |  1  2  3  4 |
---------------+-------------+-----
Shields        | 3 |  3.4
Long Blades    | 2 |  2.6
Fighting       | 3 |  3.0
Spellcasting   | 1 |  1.0
Armour         | |  2.7
Dodging        | |  0.3

Action                   |  1- 3 |  4- 6 || total
-------------------------+-------+-------++-------
Melee: Long sword        |   104 |     4 ||   108
       Bite              |    32 |     2 ||    34
Armor: Scale mail        |    19 |       ||    19
       Plate armour      |    92 |     5 ||    97
Dodge: Dodged            |    30 |       ||    30
Block: Kite shield       |    77 |     5 ||    82
       Rpst.: Long sword |    10 |       ||    10

Table legend: (Time is in decaauts)
 A = Elapsed time spent in this place.
 B = Non-inter-level travel time spent in this place.
 C = Inter-level travel time spent in this place.
 D = Time resting spent in this place.
 E = Time spent auto-exploring this place.
 F = Levels seen in this place.
 G = Mean time per level.
                   A        B        C        D        E       F      G
               +--------+--------+--------+--------+--------+-----+--------+
         Total |   1507 |   1424 |     83 |    109 |    973 |   2 |  753.5 |
       Dungeon |   1507 |   1424 |     83 |    109 |    973 |   2 |  753.5 |
               +--------+--------+--------+--------+--------+-----+--------+

Top non-repeatable levels by time:
     D:1: 1188 daAuts
     D:2: 318 daAuts
